| TOP OF THE 1ST |
|
Missoula Osprey batting - Pitching for Miami (APP) Marlins : RHP Santiago Navarro
|
|
Pitching: RHP Santiago Navarro
|
|
|
Batting: RHB Isaiah Hampton
|
0-0: Ball 1-0: Ball 2-0: Called Strike 2-1: Ball 3-1: Base on Balls
|
|
Batting: LHB Danny Salas
|
0-0: Ball 1-0: Ball 2-0: Foul Ball, location: 2F 2-1: Called Strike 2-2: Strikes out swinging
|
|
Batting: RHB Claude Leduc
|
0-0: Ball 1-0: Foul Ball, location: 2F 1-1: Ball 2-1: Called Strike 2-2: Foul Ball, location: 2F 2-2: Ball 3-2: Foul Ball, location: 2F 3-2: SINGLE (Groundball, 4MD, EV 108.1 MPH) Isaiah Hampton to second
|
|
Batting: RHB Jose Cuellar
|
0-0: Called Strike 0-1: Foul Ball, location: 2F 0-2: Ball 1-2: Strikes out swinging
|
|
Batting: LHB Angelo Lira
|
0-0: Called Strike 0-1: Ball 1-1: Foul Ball, location: 2F 1-2: Ball 2-2: Ground out 6-3 (Groundball, 6MS, EV 66.9 MPH)
|
| Top of the 1st over - 0 runs, 1 hit, 0 errors, 2 left on base; Missoula 0 - Miami (APP) 0 |
| BOTTOM OF THE 1ST |
|
Miami (APP) Marlins batting - Pitching for Missoula Osprey : RHP Ramiz JambakurIan
|
|
Pitching: RHP Ramiz JambakurIan
|
|
|
Batting: RHB Terrell Smith
|
0-0: Called Strike 0-1: Called Strike 0-2: Foul Ball, location: 2F 0-2: Strikes out swinging
|
|
Batting: RHB Axel Moltke
|
0-0: Ball 1-0: Swinging Strike 1-1: Foul Ball, location: 2F 1-2: Ball 2-2: Strikes out swinging
|
|
Batting: RHB Clark Meagher
|
0-0: Ground out 5-3 (Groundball, 25, EV 85.0 MPH)
|
| Bottom of the 1st over - 0 runs, 0 hits, 0 errors, 0 left on base; Missoula 0 - Miami (APP) 0 |
| TOP OF THE 2ND |
|
Missoula Osprey batting - Pitching for Miami (APP) Marlins : RHP Santiago Navarro
|
|
Batting: LHB Jalen Williams
|
0-0: Called Strike 0-1: Fly out, F9 (Line Drive, 9, EV 96.9 MPH)
|
|
Batting: RHB Shing Mah
|
0-0: Called Strike 0-1: Swinging Strike 0-2: Strikes out swinging
|
|
Batting: RHB Hector Tabares
|
0-0: Ball 1-0: Ground out 1-3 (Groundball, 13S, EV 73.1 MPH)
|
| Top of the 2nd over - 0 runs, 0 hits, 0 errors, 0 left on base; Missoula 0 - Miami (APP) 0 |
| BOTTOM OF THE 2ND |
|
Miami (APP) Marlins batting - Pitching for Missoula Osprey : RHP Ramiz JambakurIan
|
|
Batting: RHB David Martin
|
0-0: Ball 1-0: Ball 2-0: Called Strike 2-1: Ball 3-1: Base on Balls
|
|
Batting: RHB Robbie Gomez
|
0-0: Called Strike 0-1: Ball 1-1: Ball 2-1: Ball 3-1: Grounds into double play, 5-4-3 (Groundball, 56, EV 91.9 MPH)
|
|
Batting: LHB Freddy Monge
|
0-0: Called Strike 0-1: Ball 1-1: Foul Ball, location: 2F 1-2: Ball 2-2: Foul Ball, location: 2F 2-2: Ground out 4-3 (Groundball, 4S, EV 78.8 MPH)
|
| Bottom of the 2nd over - 0 runs, 0 hits, 0 errors, 0 left on base; Missoula 0 - Miami (APP) 0 |
| TOP OF THE 3RD |
|
Missoula Osprey batting - Pitching for Miami (APP) Marlins : RHP Santiago Navarro
|
|
Batting: LHB Adam Spence
|
0-0: Ball 1-0: Ball 2-0: Foul Ball, location: 2F 2-1: Foul Ball, location: 2F 2-2: Foul Ball, location: 2F 2-2: Strikes out swinging
|
|
Batting: RHB Isaiah Hampton
|
0-0: Ball 1-0: Ball 2-0: Foul Ball, location: 2F 2-1: Ball 3-1: Base on Balls
|
|
Batting: LHB Danny Salas
|
0-0: Ball 1-0: Foul Ball, location: 2F 1-1: Called Strike 1-2: Ball 2-2: Ball 3-2: Foul Ball, location: 2F 3-2: Base on Balls Isaiah Hampton to second
|
|
Batting: RHB Claude Leduc
|
0-0: Ball 1-0: Ball 2-0: Called Strike 2-1: Ball 3-1: SINGLE (Groundball, 4MS, EV 72.5 MPH) (infield hit) Isaiah Hampton to third Danny Salas to second
|
|
Batting: RHB Jose Cuellar
|
0-0: Called Strike 0-1: Foul Ball, location: 2F 0-2: Ball 1-2: Ball 2-2: Ball 3-2: Strikes out swinging
|
|
Batting: LHB Angelo Lira
|
0-0: Foul Ball, location: 2F 0-1: Ball 1-1: Ball 2-1: Ball 3-1: Fly out, F8 (Line Drive, 8LM, EV 100.0 MPH)
|
| Top of the 3rd over - 0 runs, 1 hit, 0 errors, 3 left on base; Missoula 0 - Miami (APP) 0 |
| BOTTOM OF THE 3RD |
|
Miami (APP) Marlins batting - Pitching for Missoula Osprey : RHP Ramiz JambakurIan
|
|
Batting: RHB Aaron Mamer
|
0-0: Ball 1-0: Foul Ball, location: 2F 1-1: SINGLE (Groundball, 4MD, EV 108.1 MPH)
|
|
Batting: RHB Francisco Valenzuela
|
0-0: Swinging Strike 0-1: Ball Aaron Mamer steals 2nd base 1-1: Foul Ball, location: 2F 1-2: Ball 2-2: Ground out 6-3 (Groundball, 6, EV 85.0 MPH)
|
|
Batting: RHB Hektor Luvian
|
0-0: Ball 1-0: Ground out 5-3 (Groundball, 56, EV 82.5 MPH)
|
|
Batting: RHB Terrell Smith
|
0-0: Ball 1-0: Called Strike 1-1: Ball 2-1: Ball 3-1: Base on Balls
|
|
Batting: RHB Axel Moltke
|
0-0: Called Strike 0-1: Foul Ball, location: 2F 0-2: Ball 1-2: Ball 2-2: Foul Ball, location: 2F 2-2: Ball 3-2: 3-RUN HOME RUN (Flyball, 78XD, EV 115.0 MPH), Distance : 424 ft
|
|
Batting: RHB Clark Meagher
|
0-0: Ground out 6-3 (Groundball, 6M, EV 84.4 MPH)
|
| Bottom of the 3rd over - 3 runs, 2 hits, 0 errors, 0 left on base; Missoula 0 - Miami (APP) 3 |
| TOP OF THE 4TH |
|
Missoula Osprey batting - Pitching for Miami (APP) Marlins : RHP Santiago Navarro
|
|
Batting: LHB Jalen Williams
|
0-0: Ball 1-0: Called Strike 1-1: Ground out 5-3 (Groundball, 5D, EV 82.5 MPH)
|
|
Batting: RHB Shing Mah
|
0-0: Called Strike 0-1: Ground out 6-3 (Groundball, 6, EV 110.6 MPH)
|
|
Batting: RHB Hector Tabares
|
0-0: Ball 1-0: Foul Ball, location: 2F 1-1: Swinging Strike 1-2: Ball 2-2: Strikes out swinging
|
| Top of the 4th over - 0 runs, 0 hits, 0 errors, 0 left on base; Missoula 0 - Miami (APP) 3 |
| BOTTOM OF THE 4TH |
|
Miami (APP) Marlins batting - Pitching for Missoula Osprey : RHP Ramiz JambakurIan
|
|
Batting: RHB David Martin
|
0-0: Ball 1-0: Called Strike 1-1: SINGLE (Groundball, 6MD, EV 100.0 MPH)
|
|
Batting: RHB Robbie Gomez
|
0-0: Called Strike David Martin steals 2nd base 0-1: Ball 1-1: Ball 2-1: Ball 3-1: Foul Ball, location: 2F 3-2: Foul Ball, location: 2F 3-2: Base on Balls
|
|
Batting: LHB Freddy Monge
|
0-0: Ball 1-0: Called Strike 1-1: Called Strike 1-2: Foul Ball, location: 2F 1-2: Foul Ball, location: 2F 1-2: Ball 2-2: Foul Ball, location: 2F 2-2: Ball 3-2: Base on Balls David Martin to third Robbie Gomez to second
|
|
Batting: RHB Aaron Mamer
|
0-0: Called Strike 0-1: Swinging Strike 0-2: Ball 1-2: Fly out, F7 (Line Drive, 7S, EV 97.5 MPH)
|
|
Batting: RHB Francisco Valenzuela
|
0-0: Fly out, F8 (Flyball, 8LD, EV 103.1 MPH)
|
|
Batting: RHB Hektor Luvian
|
0-0: Swinging Strike 0-1: Fly out, F9 (Line Drive, 9LM, EV 85.0 MPH)
|
| Bottom of the 4th over - 0 runs, 1 hit, 0 errors, 3 left on base; Missoula 0 - Miami (APP) 3 |
| TOP OF THE 5TH |
|
Missoula Osprey batting - Pitching for Miami (APP) Marlins : RHP Santiago Navarro
|
|
Batting: LHB Adam Spence
|
0-0: Called Strike 0-1: Ball 1-1: Ball 2-1: Swinging Strike 2-2: Strikes out swinging
|
|
Batting: RHB Isaiah Hampton
|
0-0: Swinging Strike 0-1: Ball 1-1: Reached on error, E4 (Groundball, 4S, EV 86.2 MPH)
|
|
Batting: LHB Danny Salas
|
0-0: Foul Ball, location: 2F 0-1: Ball Isaiah Hampton steals 2nd, throwing error, E2 Isaiah Hampton to third 1-1: TRIPLE (Line Drive, 89XD, EV 101.9 MPH) Isaiah Hampton scores
|
|
Batting: RHB Claude Leduc
|
0-0: Ball 1-0: Ball 2-0: Swinging Strike 2-1: Called Strike 2-2: Strikes out swinging
|
|
Batting: RHB Jose Cuellar
|
0-0: Ball 1-0: Ball 2-0: SINGLE (Line Drive, 7LS, EV 111.2 MPH) Danny Salas scores
|
|
Batting: LHB Angelo Lira
|
0-0: Called Strike 0-1: Ball Passed Ball! Jose Cuellar to second 1-1: Ball 2-1: Foul Ball, location: 2F 2-2: Foul Ball, location: 2F 2-2: Foul Ball, location: 2F 2-2: Strikes out swinging
|
| Top of the 5th over - 2 runs, 2 hits, 2 errors, 1 left on base; Missoula 2 - Miami (APP) 3 |
| BOTTOM OF THE 5TH |
|
Miami (APP) Marlins batting - Pitching for Missoula Osprey : RHP Ramiz JambakurIan
|
|
Batting: RHB Terrell Smith
|
0-0: Called Strike 0-1: Ball 1-1: Ball 2-1: Ball 3-1: Foul Ball, location: 2F 3-2: Foul Ball, location: 2F 3-2: DOUBLE (Line Drive, 8LXD, EV 107.5 MPH)
|
|
Pitching: RHP Daryl Blair
|
|
|
Batting: RHB Axel Moltke
|
0-0: Ball 1-0: Foul Ball, location: 2F 1-1: Foul Ball, location: 2F 1-2: Ball 2-2: Foul Ball, location: 2F 2-2: Ball 3-2: Base on Balls
|
|
Batting: RHB Clark Meagher
|
0-0: Swinging Strike 0-1: Ball 1-1: Fielders Choice at 2nd, 5-4 (Groundball, 56, EV 93.1 MPH) Terrell Smith to third
|
|
Batting: RHB David Martin
|
0-0: Hit by Pitch Clark Meagher to second
|
|
Batting: RHB Robbie Gomez
|
0-0: Swinging Strike 0-1: Foul Ball, location: 2F 0-2: Fly out, F8 (Flyball, 8LS, EV 95.6 MPH)
|
|
Batting: LHB Freddy Monge
|
0-0: Ball 1-0: Fielders Choice at 2nd, 5-4 (Groundball, 56, EV 88.1 MPH)
|
| Bottom of the 5th over - 0 runs, 1 hit, 0 errors, 3 left on base; Missoula 2 - Miami (APP) 3 |
| TOP OF THE 6TH |
|
Missoula Osprey batting - Pitching for Miami (APP) Marlins : RHP Santiago Navarro
|
|
Pitching: RHP Willie Mojica
|
|
|
Batting: LHB Jalen Williams
|
0-0: Ball 1-0: Swinging Strike 1-1: Ball 2-1: Called Strike 2-2: Ball 3-2: Base on Balls
|
|
Batting: RHB Shing Mah
|
0-0: Ball 1-0: SINGLE (Groundball, 4M, EV 108.8 MPH) Jalen Williams to second
|
|
Pinch Hitting: LHB Nelson Pelico
|
0-0: Swinging Strike 0-1: SINGLE (Groundball, 4MD, EV 106.2 MPH) Jalen Williams to third Shing Mah to second
|
|
Pinch Hitting: RHB Drew Sigona
|
0-0: Ball 1-0: Fly out, F8 (Flyball, 8LS, EV 87.5 MPH)
|
|
Batting: RHB Isaiah Hampton
|
0-0: Swinging Strike 0-1: Ball 1-1: Ball 2-1: Ball 3-1: Fly out, F9 (Flyball, 89S, EV 89.4 MPH)
|
|
Batting: LHB Danny Salas
|
0-0: Ball 1-0: Called Strike 1-1: Foul Ball, location: 2F 1-2: Ground out U3 (Groundball, 34, EV 101.9 MPH)
|
| Top of the 6th over - 0 runs, 2 hits, 0 errors, 3 left on base; Missoula 2 - Miami (APP) 3 |
| BOTTOM OF THE 6TH |
|
Miami (APP) Marlins batting - Pitching for Missoula Osprey : RHP Daryl Blair
|
|
Now at 3B: Nelson Pelico
|
|
|
Now in RF: Drew Sigona
|
|
|
Batting: RHB Aaron Mamer
|
0-0: Called Strike 0-1: Ball 1-1: Ball 2-1: Foul Ball, location: 2F 2-2: Foul Ball, location: 2F 2-2: Foul Ball, location: 2F 2-2: SINGLE (Groundball, 6M, EV 106.9 MPH) (infield hit)
|
|
Batting: RHB Francisco Valenzuela
|
0-0: Called Strike 0-1: Called Strike 0-2: Strikes out swinging
|
|
Batting: RHB Hektor Luvian
|
0-0: Called Strike 0-1: Ball 1-1: Ball 2-1: SINGLE (Flyball, 7S, EV 86.9 MPH) Aaron Mamer to second
|
|
Batting: RHB Terrell Smith
|
0-0: Called Strike 0-1: Ball 1-1: Ball 2-1: Fly out, F7 (Flyball, 78M, EV 94.4 MPH)
|
|
Batting: RHB Axel Moltke
|
0-0: Ball 1-0: Called Strike 1-1: Foul Ball, location: 2F 1-2: Foul Ball, location: 2F 1-2: Foul Ball, location: 2F 1-2: Ball 2-2: Ball 3-2: Foul Ball, location: 2F 3-2: Base on Balls Aaron Mamer to third Hektor Luvian to second
|
|
Batting: RHB Clark Meagher
|
0-0: Ball 1-0: Called Strike 1-1: Foul Ball, location: 2F 1-2: Ball 2-2: Foul Ball, location: 2F 2-2: Foul Ball, location: 2F 2-2: Ball 3-2: GRAND SLAM HOME RUN (Flyball, 7D, EV 98.1 MPH), Distance : 372 ft
|
|
Pitching: LHP Henry Jesso
|
|
|
Batting: RHB David Martin
|
0-0: Called Strike 0-1: Ball 1-1: Fly out, F8 (Flyball, 8RD, EV 105.6 MPH)
|
| Bottom of the 6th over - 4 runs, 3 hits, 0 errors, 0 left on base; Missoula 2 - Miami (APP) 7 |
| TOP OF THE 7TH |
|
Missoula Osprey batting - Pitching for Miami (APP) Marlins : RHP Willie Mojica
|
|
Batting: RHB Claude Leduc
|
0-0: Ball 1-0: Ball 2-0: Ball 3-0: Called Strike 3-1: DOUBLE (Flyball, 8LXD, EV 86.2 MPH)
|
|
Batting: RHB Jose Cuellar
|
0-0: Ball 1-0: Foul Ball, location: 2F 1-1: Ball Wild Pitch! Claude Leduc to third 2-1: SINGLE (Line Drive, 34D, EV 105.6 MPH) Claude Leduc scores
|
|
Batting: LHB Angelo Lira
|
0-0: Ball 1-0: Ball 2-0: Called Strike 2-1: Foul Ball, location: 2F 2-2: DOUBLE (Line Drive, 89M, EV 108.8 MPH) Jose Cuellar to third
|
|
Pitching: RHP Freddie Robe
|
|
|
Batting: LHB Jalen Williams
|
0-0: SINGLE (Groundball, 13S, EV 65.0 MPH) (infield hit)
|
|
Batting: RHB Shing Mah
|
0-0: DOUBLE (Line Drive, 9LS, EV 100.0 MPH) Jose Cuellar scores Angelo Lira scores Jalen Williams to third
|
|
Batting: LHB Nelson Pelico
|
0-0: Ball 1-0: Ball 2-0: Ball 3-0: Called Strike 3-1: Foul Ball, location: 2F 3-2: Strikes out swinging
|
|
Pinch Hitting: LHB Falco van Koeveringe
|
0-0: Ball 1-0: Foul Ball, location: 2F 1-1: Foul Ball, location: 2F 1-2: Ball 2-2: Foul Ball, location: 2F 2-2: Fly out, F7 (Flyball, 7D, EV 91.9 MPH) Runner from 3rd tags up, SCORES, throw by LF Shing Mah to third
|
|
Batting: RHB Isaiah Hampton
|
0-0: Foul Ball, location: 2F 0-1: Ball 1-1: Swinging Strike 1-2: Foul Ball, location: 2F 1-2: Strikes out swinging
|
| Top of the 7th over - 4 runs, 5 hits, 0 errors, 1 left on base; Missoula 6 - Miami (APP) 7 |
| BOTTOM OF THE 7TH |
|
Miami (APP) Marlins batting - Pitching for Missoula Osprey : LHP Henry Jesso
|
|
Now in RF: Falco van Koeveringe
|
|
|
Batting: RHB Robbie Gomez
|
0-0: Called Strike 0-1: Ball 1-1: Ball 2-1: Called Strike 2-2: Ball 3-2: Fly out, F4 (Popup, 3S, EV 77.5 MPH)
|
|
Batting: LHB Freddy Monge
|
0-0: Called Strike 0-1: Foul Ball, location: 2F 0-2: Ball 1-2: Ball 2-2: Ball 3-2: Strikes out swinging
|
|
Batting: RHB Aaron Mamer
|
0-0: Ball 1-0: DOUBLE (Flyball, 89XD, EV 115.6 MPH)
|
|
Batting: RHB Francisco Valenzuela
|
0-0: Called Strike 0-1: Swinging Strike 0-2: Ball 1-2: Foul Ball, location: 2F 1-2: Ball 2-2: Ball 3-2: Base on Balls
|
|
Batting: RHB Hektor Luvian
|
0-0: Ball 1-0: Called Strike 1-1: Ball 2-1: Foul Ball, location: 2F 2-2: Ball 3-2: Strikes out swinging
|
| Bottom of the 7th over - 0 runs, 1 hit, 0 errors, 2 left on base; Missoula 6 - Miami (APP) 7 |
| TOP OF THE 8TH |
|
Missoula Osprey batting - Pitching for Miami (APP) Marlins : RHP Freddie Robe
|
|
Batting: LHB Danny Salas
|
0-0: Ball 1-0: Ball 2-0: Ball 3-0: Called Strike 3-1: Base on Balls
|
|
Batting: RHB Claude Leduc
|
0-0: Ball 1-0: Foul Ball, location: 2F 1-1: Ball 2-1: Foul Ball, location: 2F 2-2: Foul Ball, location: 2F 2-2: Ball 3-2: Base on Balls Danny Salas to second
|
|
Batting: RHB Jose Cuellar
|
0-0: 3-RUN HOME RUN (Flyball, 7D, EV 98.1 MPH), Distance : 371 ft
|
|
Pitching: RHP Kyle Beabout
|
|
|
Batting: LHB Angelo Lira
|
0-0: Ball 1-0: Ball 2-0: Ball 3-0: Base on Balls
|
|
Batting: LHB Jalen Williams
|
0-0: Fly out, F8 (Flyball, 89M, EV 89.4 MPH)
|
|
Batting: RHB Shing Mah
|
0-0: SINGLE (Groundball, 56D, EV 103.1 MPH) Angelo Lira to second
|
|
Batting: LHB Nelson Pelico
|
0-0: Swinging Strike 0-1: Foul Ball, location: 2F 0-2: Foul Ball, location: 2F 0-2: Ball 1-2: Ball 2-2: Ball 3-2: Fly out, F9 (Flyball, 9D, EV 76.9 MPH) Runner from 2nd tags up, SAFE at 3rd, no throw by RF
|
|
Batting: LHB Falco van Koeveringe
|
0-0: Hit by Pitch Shing Mah to second
|
|
Batting: RHB Isaiah Hampton
|
0-0: Called Strike 0-1: Fielders Choice at 2nd, 6-4 (Groundball, 6, EV 88.8 MPH)
|
| Top of the 8th over - 3 runs, 2 hits, 0 errors, 3 left on base; Missoula 9 - Miami (APP) 7 |
| BOTTOM OF THE 8TH |
|
Miami (APP) Marlins batting - Pitching for Missoula Osprey : LHP Henry Jesso
|
|
Batting: RHB Terrell Smith
|
0-0: Swinging Strike 0-1: Called Strike 0-2: Ball 1-2: SINGLE (Line Drive, 78S, EV 91.2 MPH)
|
|
Batting: RHB Axel Moltke
|
0-0: Called Strike 0-1: Called Strike 0-2: Ball 1-2: Ball 2-2: SINGLE (Groundball, 34D, EV 98.8 MPH) Terrell Smith to second Runner from 2nd tries for 3rd, SAFE, throw by RF made at trailing runner, OUT! 9-6
|
|
Pitching: RHP Javier Rosales
|
|
|
Batting: RHB Clark Meagher
|
0-0: Foul Ball, location: 2F 0-1: Ball 1-1: Ball 2-1: Ball 3-1: Base on Balls
|
|
Batting: RHB David Martin
|
0-0: Called Strike 0-1: Ball 1-1: Ball 2-1: SINGLE (Line Drive, 78S, EV 110.0 MPH) Terrell Smith scores Clark Meagher to second
|
|
Batting: RHB Robbie Gomez
|
0-0: Ball 1-0: Called Strike 1-1: Fly out, F3 (Popup, 3SF, EV 78.1 MPH)
|
|
Batting: LHB Freddy Monge
|
0-0: Fly out, F9 (Flyball, 9D, EV 83.8 MPH)
|
| Bottom of the 8th over - 1 run, 3 hits, 0 errors, 2 left on base; Missoula 9 - Miami (APP) 8 |
| TOP OF THE 9TH |
|
Missoula Osprey batting - Pitching for Miami (APP) Marlins : RHP Kyle Beabout
|
|
Batting: LHB Danny Salas
|
0-0: Foul Ball, location: 2F 0-1: Ball 1-1: Ball 2-1: SINGLE (Groundball, 6S, EV 74.4 MPH) (infield hit)
|
|
Batting: RHB Claude Leduc
|
0-0: Ball 1-0: Fielders Choice at 2nd, 5-4 (Groundball, 5, EV 110.6 MPH)
|
|
Batting: RHB Jose Cuellar
|
0-0: Ball 1-0: Ball 2-0: Called Strike 2-1: 2-RUN HOME RUN (Flyball, 9D, EV 95.6 MPH), Distance : 365 ft
|
|
Batting: LHB Angelo Lira
|
0-0: Ball 1-0: Ball 2-0: Foul Ball, location: 2F 2-1: Foul Ball, location: 2F 2-2: Ball 3-2: Foul Ball, location: 2F 3-2: Base on Balls
|
|
Batting: LHB Jalen Williams
|
0-0: Foul Ball, location: 2F 0-1: Ball 1-1: Foul Ball, location: 2F 1-2: Ball Angelo Lira is caught stealing 2nd base 2-6 2-2: Ball 3-2: Strikes out swinging
|
| Top of the 9th over - 2 runs, 2 hits, 0 errors, 0 left on base; Missoula 11 - Miami (APP) 8 |
| BOTTOM OF THE 9TH |
|
Miami (APP) Marlins batting - Pitching for Missoula Osprey : RHP Javier Rosales
|
|
Pitching: LHP Bobby Manning
|
|
|
Batting: RHB Aaron Mamer
|
0-0: Ball 1-0: Called Strike 1-1: Called Strike 1-2: Strikes out swinging, 2-3 out at first.
|
|
Batting: RHB Francisco Valenzuela
|
0-0: Called Strike 0-1: Ball 1-1: Ball 2-1: Foul Ball, location: 2F 2-2: Strikes out swinging
|
|
Pinch Hitting: LHB Tony Olmos
|
0-0: Ball 1-0: Ball 2-0: Ball 3-0: Base on Balls
|
|
Batting: RHB Terrell Smith
|
0-0: Ball 1-0: Swinging Strike 1-1: Ball 2-1: Swinging Strike 2-2: Strikes out looking
|
| Bottom of the 9th over - 0 runs, 0 hits, 0 errors, 1 left on base; Missoula 11 - Miami (APP) 8 |
|